 Dungeon Crawl Stone Soup version 0.28-a0-425-gd0eccab798 (webtiles) character file.

Game seed: 3740452179030685680

1347 Conn the Firebug (level 8, -6/51 HPs)
             Began as an Octopode Fire Elementalist on Sept 9, 2021.
             Was a Follower of Sif Muna.
             Mangled by an orc warrior (13 damage)
             ... on level 5 of the Dungeon.
             The game lasted 00:16:01 (6723 turns).

Conn the Firebug (Octopode Fire Elementalist)       Turns: 6723, Time: 00:16:02

Health: -6/51      AC:  1    Str:  7    XL:     8   Next: 62%
Magic:  12/15      EV: 14    Int: 21    God:    Sif Muna [*.....]
Gold:   238        SH:  5    Dex: 13    Spells: 5/16 levels left

rFire   . . .      SeeInvis .   d - +0 dagger
rCold   . . .      Faith    .   (no shield)
rNeg    . . .      Spirit   .   (helmet restricted)
rPois   .          Reflect  +   e - amulet of reflection
rElec   .          Harm     .   (no ring)
rCorr   .          Rampage  .   (no ring)
Will    .....                   (no ring)
Stlth   ++++......              (no ring)
HPRegen 0.17/turn               (no ring)
MPRegen 0.14/turn               (no ring)
                                (no ring)
                                (no ring)

@: no status effects
A: almost no armour, amphibious, 8 rings, camouflage 1, gelatinous body 1,
(nimble swimmer 1), tentacles, clever 1, MP-powered wands
a: Renounce Religion, Channel Magic


You were on level 5 of the Dungeon.
You worshipped Sif Muna.
Sif Muna was aware of your devotion.
You visited 2 branches of the dungeon, and saw 6 of its levels.

You collected 238 gold pieces.

Inventory:

Hand Weapons
 d - a +0 dagger (weapon)
Jewellery
 e - an amulet of reflection (around mantle)
 h - the amulet "Odwaur" {Acrobat +Blink}
   (You found it on level 4 of the Dungeon)

   [amulet of the acrobat]

   It increases your evasion while moving and waiting.
   +Blink:    It lets you blink.
Wands
 q - a wand of iceblast (6)
Scrolls
 b - a scroll of silence {unknown}
 c - 2 scrolls of fog {unknown}
 f - a scroll of amnesia {unknown}
 g - 5 scrolls of identify {unknown}
 j - a scroll of noise {unknown}
 l - a scroll of enchant weapon {unknown}
 m - a scroll of brand weapon {unknown}
 n - a scroll of magic mapping {unknown}
 p - a scroll of blinking {unknown}
Potions
 a - 2 potions of mutation
 i - a potion of berserk rage {unknown}
 k - a potion of flight {unknown}
 o - a potion of lignification {unknown}


   Skills:
 + Level 2.6 Fighting
 + Level 2.8 Short Blades
 + Level 3.3 Dodging
 + Level 5.2 Stealth
 + Level 1.3 Shields
 + Level 0.3 Unarmed Combat
 + Level 4.8 Spellcasting
 + Level 3.8 Conjurations
 + Level 0.3 Hexes
 + Level 5.8 Fire Magic


You had 5 spell levels left.
You knew the following spells:

 Your Spells              Type           Power      Damage    Failure   Level
a - Foxfire               Conj/Fire      100%       2x1d9     1%          1
b - Conjure Flame         Conj/Fire      25%        6-21      4%          3
c - Inner Flame           Hex/Fire       18%        N/A       10%         3
d - Flame Wave            Conj/Fire      25%        3d6       16%         4

Your spell library contained the following spells:

 Spells                   Type           Power      Damage    Failure   Level
 Scorch                   Fire           58%        2d8       1%          2
 Portal Projectile        Hex/Tloc       10%        N/A       30%         3
 Call Canine Familiar     Summ           5%         N/A       32%         3
 Hailstorm                Conj/Ice       13%        3d5       45%         4
 Leda's Liquefaction      Hex/Erth       2%         N/A       71%         4
 Ice Form                 Ice/Tmut       5%         N/A       73%         4
 Simulacrum               Ice/Necr       2%         N/A       100%        6


Dungeon Overview and Level Annotations

Branches:
Dungeon (5/15)             Temple (1/1) D:4

Altars:
Ashenzari
Cheibriados
Elyvilon
Fedhas
Gozag
Sif Muna
Uskayaw
Vehumet
Wu Jian
Xom
Yredelemnul
The Shining One

Shops:
D:2 [


Innate Abilities, Weirdness & Mutations

You cannot wear most types of armour.
You are amphibious.
You can wear up to eight rings at the same time.
Your skin changes colour to match your surroundings (Stealth+).
Your rubbery body absorbs attacks. (AC +1, EV +1)
((You are camouflaged near water. (Stealth+)))
You have tentacles for arms and can constrict up to eight enemies at once.
Your mind is acute. (Int +2)
You expend magic power (3 MP) to strengthen your wands.


Message History

The orc is almost dead.
The foxfire hits the orc.
You kill the orc!
Sif Muna accepts your kill.
Unknown command.
There is a stone staircase leading down here.
The orc warrior's inner flame fades away.
You see here 16 gold pieces.
The shadow imp shouts!
The shadow imp shouts, "Despond, thou qualling moon-mazed pustule!"
There is a stone staircase leading up here.
The shadow imp barely misses you. The shadow imp hits you.
You hit the shadow imp. You grab the shadow imp.
The shadow imp is lightly wounded.
You constrict the shadow imp, but do no damage.
The orc warrior hits you with a +0 short sword.
The shadow imp gestures at you. Pain shoots through your body!
Unknown command.
You release your grip on the shadow imp.
The shadow imp hits you. The shadow imp completely misses you.
There is a stone staircase leading up here.
The shadow imp gestures at you. Pain shoots through your body!
* * * LOW HITPOINT WARNING * * *
The orc warrior completely misses you.
Okay, then.
Okay, then.
Aiming: Iceblast
Press: ? - help, Shift-Dir - straight line, f - shadow imp, p - orc warrior
Aim: a shadow imp (lightly wounded)
You feel a surge of power!
The mass of ice explodes!
The iceblast engulfs the shadow imp.
The shadow imp partially resists.
The shadow imp is heavily wounded.
The iceblast engulfs the orc warrior!
The orc warrior is severely wounded.
The orc warrior hits you with a +0 short sword!
You die...

###..........#
####............#####
#....#..............#
###.##.##..)....#####.##
##...##5#.........# #..# #####
#..###..#.........# #..##
....####.#....##.........####....
###..............................
######...#####@.............###
##.### #o5........##..#
#####..#######.....<....##..#
###.##...#.......<...........##
.##......#...................#
.#......##...............########
.........................####....
......###..............#..##.....
...#####..........##...##.#......


You could see an orc warrior and a shadow imp.

Vanquished Creatures
  Sigmund (D:5)
  A black bear (D:5)
  An ogre (D:5)
  Blork the orc (D:4)
  2 scorpions
  3 water moccasin skeletons
  A howler monkey (D:4)
  A bullfrog zombie (D:5)
  A hound (D:4)
  A centaur zombie (D:5)
  A gnoll shaman (D:4)
  A jelly (D:5)
  An orc priest (D:5)
  A centaur skeleton (D:5)
  Jessica (D:2)
  An orc wizard (D:5)
  4 iguanas
  A hound skeleton (D:5)
  5 gnolls
  7 adders
  A white imp (D:5)
  An adder skeleton (D:4)
  2 worms (D:2)
  4 dart slugs
  13 orcs
  5 bats
  7 endoplasms
  3 giant cockroaches
  11 goblins
  12 hobgoblins
  6 jackals
  2 quokkas
  12 ball pythons
  2 frilled lizards (D:1)
  A jackal skeleton (D:4)
  6 kobolds
  9 rats
133 creatures vanquished.

Vanquished Creatures (others)
  471 foxfires
471 creatures vanquished.

Grand Total: 604 creatures vanquished

Notes
Turn   | Place    | Note
-------+----------+-------------------------------------------
     0 | D:1      | Conn the Octopode Fire Elementalist began the quest for the
                  | Orb.
     0 | D:1      | Reached XP level 1. HP: 11/11 MP: 3/3
   248 | D:1      | Reached XP level 2. HP: 17/17 MP: 0/5
   688 | D:1      | Reached XP level 3. HP: 16/21 MP: 3/6
  1410 | D:2      | Noticed a floating eye
  1410 | D:2      | Noticed Jessica
  1415 | D:2      | Killed Jessica
  1416 | D:2      | Reached skill level 1 in Fighting
  1416 | D:2      | Reached XP level 4. HP: 28/28 MP: 1/7
  1416 | D:2      | Found a faded altar of an unknown god.
  1419 | D:2      | Noticed a shining eye
  1419 | D:2      | Noticed a golden eye
  1419 | D:2      | Noticed a golden eye
  1620 | D:2      | Reached skill level 1 in Short Blades
  1858 | D:2      | Reached XP level 5. HP: 31/33 MP: 5/8
  2081 | D:2      | Found Udwaj's Armour Boutique.
  2922 | D:3      | Gained mutation: Your mind is acute. (Int +2) [potion of
                  | mutation]
  2922 | D:3      | Gained mutation: You expend magic power (3 MP) to
                  | strengthen your wands. [potion of mutation]
  3192 | D:3      | Learned a level 3 spell: Conjure Flame
  3196 | D:3      | Learned a level 3 spell: Inner Flame
  3252 | D:3      | Found an ornate altar of the Wu Jian Council.
  4049 | D:4      | Identified the amulet "Odwaur" {Acrobat +Blink}
  4212 | D:4      | Reached XP level 6. HP: 27/39 MP: 1/10
  4326 | D:4      | Noticed Blork the orc
  4348 | D:4      | Found a staircase to the Ecumenical Temple.
  4367 | Temple   | Entered the Ecumenical Temple
  4381 | Temple   | Became a worshipper of Sif Muna the Loreminder
  4458 | D:5      | Entered Level 5 of the Dungeon
  4458 | D:5      | Noticed a black bear
  5031 | D:4      | Killed Blork the orc
  5032 | D:4      | Reached XP level 7. HP: 45/45 MP: 0/12
  5537 | D:5      | Reached skill level 5 in Stealth
  5664 | D:5      | Reached skill level 1 in Shields
  5666 | D:5      | Noticed Sigmund
  5713 | D:4      | Reached * piety under Sif Muna
  5714 | D:4      | Reached skill level 5 in Fire Magic
  5791 | D:4      | Reached XP level 8. HP: 32/51 MP: 6/14
  6000 | D:5      | Found Duuss's Magic Scroll Boutique.
  6100 | D:5      | Killed Sigmund
  6164 | D:5      | Found a radiant altar of Vehumet.
  6266 | D:5      | Learned a level 4 spell: Flame Wave
  6723 | D:5      | Mangled by an orc warrior

Illustrated notes

Levels and vault maps discovered:
D:1:      lemuel_arrival_rhombus, layout_basic
D:2:      layout_loops_ring, serial_forest, infiniplex_forest_lined_3,
          infiniplex_forest_end_3, infiniplex_forest_straight_1,
          infiniplex_forest_lined_2, infiniplex_forest_clump_medium,
          infiniplex_forest_lined_room_2, serial_shops, nicolae_shop_stone,
          hellmonk_ecumenical_altar_watching_god, uniq_jessica
D:3:      layout_loops_ring, overflow_temple_1_default
D:4:      layout_cave_pools, minmay_temple_entry_wispy, uniq_blork_the_orc
D:5:      layout_rooms, nicolae_vehumet_altar_sigil, serial_shops,
          nicolae_square_shop, guppyfry_early_orc_mine, uniq_sigmund
Temple:   cyrus_circular_temple

Skill      XL: |  1  2  3  4  5  6  7  8 |
---------------+-------------------------+-----
Stealth        | 3 4 5 |  5.2
Fighting       | 1 2 |  2.6
Short Blades   | 1 2 |  2.8
Fire Magic     | 4 5 |  5.8
Spellcasting   | 3 4 |  4.8
Conjurations   | 2 3 |  3.8
Shields        | 1 |  1.3
Dodging        | 3 |  3.3
Unarmed Combat | |  0.3
Hexes          | |  0.3

Action                   |  1- 3 |  4- 6 |  7- 9 || total
-------------------------+-------+-------+-------++-------
Melee: Unarmed           |     6 |       |       ||     6
       Dagger            |    24 |    67 |    29 ||   120
       Constrict         |     9 |    20 |    10 ||    39
       Tentacles         |     2 |    16 |     7 ||    25
 Cast: Foxfire           |    45 |   125 |   105 ||   275
       Inner Flame       |       |       |     6 ||     6
       Conjure Flame     |       |       |     1 ||     1
Evoke: Wand              |       |       |     1 ||     1
  Use: Potion            |       |     2 |       ||     2
 Stab: Sleeping          |     5 |     6 |     3 ||    14
Armor: Skin              |     3 |     3 |     1 ||     7
Dodge: Dodged            |    15 |    56 |    47 ||   118
Block: Other             |     7 |    15 |    13 ||    35
       Reflection        |       |       |     1 ||     1

Table legend: (Time is in decaauts)
 A = Elapsed time spent in this place.
 B = Non-inter-level travel time spent in this place.
 C = Inter-level travel time spent in this place.
 D = Time resting spent in this place.
 E = Time spent auto-exploring this place.
 F = Levels seen in this place.
 G = Mean time per level.
                   A        B        C        D        E       F      G
               +--------+--------+--------+--------+--------+-----+--------+
         Total |   6719 |   6686 |     33 |    654 |   4088 |   6 | 1119.8 |
       Dungeon |   6696 |   6670 |     26 |    654 |   4088 |   5 | 1339.2 |
        Temple |     22 |     15 |      7 |      0 |      0 |   1 |   22.0 |
               +--------+--------+--------+--------+--------+-----+--------+

Top non-repeatable levels by time:
     D:3: 1883 daAuts
     D:1: 1303 daAuts
     D:4: 1301 daAuts
     D:5: 1141 daAuts
     D:2: 1067 daAuts
  Temple: 22 daAuts
